 Dungeon Crawl Stone Soup version 0.30.1-9-gdf580d7c3d (webtiles) character file.

Game seed: 190087217416940339

53266 Stomo the Basher (level 14, -27/80 HPs)
             Began as a Vine Stalker Berserker on Oct 21, 2023.
             Was the Champion of Trog.
             Annihilated by a spriggan berserker
             ... wielding a +2 antimagic rapier
              (39 damage)
             ... on level 1 of the Elven Halls.
             The game lasted 00:43:51 (13795 turns).

Stomo the Basher (Vine Stalker Berserker)          Turns: 13795, Time: 00:43:51

Health: -27/80     AC: 13    Str: 33    XL:     14   Next: 67%
Magic:  0/15       EV: 19    Int:  7    God:    Trog [******]
Gold:   2323       SH:  0    Dex: 20    Spells: 13/13 levels left

rFire   . . .        W - +4 great mace (flame)
rCold   . . .        (shield currently unavailable)
rNeg    + . .        s - +0 ring mail of Springtime {rN+ Dex+3}
rPois   +            I - +2 hat {Stlth+}
rElec   +            V - +0 cloak "Qazoseah" {rElec}
rCorr   .            (no gloves)
SInv    .            c - +1 pair of boots
Will    +....        f - amulet "Cifer" {Acrobat Rampage Str+3 Dex+2}
Stlth   ++           l - ring of poison resistance
HPRegen 1.13/turn    v - +6 ring of strength
MPRegen 0.14/turn

%: acrobat, guardian spirit, rampage
@: no status effects
A: fangs 3, regeneration 1, magic shield, antimagic bite, no potion heal 2
a: Renounce Religion, Berserk, Trog's Hand, Brothers in Arms


You were on level 1 of the Elven Halls.
You worshipped Trog.
Trog was exalted by your worship.
You visited 4 branches of the dungeon, and saw 16 of its levels.
You also visited: Ossuary and Bailey.

You collected 2323 gold pieces.

Inventory:

Hand Weapons
 a - a +2 spectral mace
 g - a +3 flail
 D - a +2 antimagic dire flail
 M - a +2 flail
 O - a +1 dagger of draining
 P - a +3 flail
 W - a +4 great mace of flaming (weapon)
 X - a +2 whip of venom
Missiles
 o - 6 throwing nets (quivered)
Armour
 c - a +1 pair of boots (worn)
 s - the +0 ring mail of Springtime (worn) {rN+ Dex+3}
   (You found it on level 4 of the Dungeon)

   Dex:       It affects your dexterity (+3).
   rN:        It protects you from negative energy.
 H - +0 steam dragon scales
 I - a +2 hat of stealth (worn)
 K - +0 acid dragon scales
 Q - a +0 pair of boots
 S - a +0 cloak
 U - a +0 helmet
 V - the +0 cloak "Qazoseah" (worn) {rElec}
   (You acquired it on level 4 of the Lair of Beasts)

   rElec:     It insulates you from electricity.
 Y - a +1 ring mail of poison resistance
Jewellery
 f - the amulet "Cifer" (around neck) {Acrobat Rampage Str+3 Dex+2}
   (You acquired it on level 2 of the Dungeon)

   [amulet of the acrobat]

   It increases your evasion while moving and waiting.
   Str:       It affects your strength (+3).
   Dex:       It affects your dexterity (+2).
   Rampage:   It bestows one free step when moving towards enemies.
 l - a ring of poison resistance (left hand)
 v - a +6 ring of strength (right hand)
Wands
 x - a wand of digging (7)
 A - a wand of charming (2)
 B - a wand of mindburst (26)
 C - a wand of quicksilver (7)
 F - a wand of iceblast (12)
 L - a wand of polymorph (3)
 N - a wand of flame (29)
Scrolls
 b - a scroll of fear
 d - a scroll of brand weapon
 q - 5 scrolls of teleportation
 y - 3 scrolls of fog
 J - 3 scrolls of poison
 T - 3 scrolls of identify
 Z - a scroll of enchant armour
Potions
 h - 5 potions of curing
 i - 4 potions of invisibility
 k - 4 potions of haste
 m - 4 potions of heal wounds
 n - 3 potions of brilliance
 p - 3 potions of degeneration
 r - 2 potions of magic
 t - a potion of resistance
 u - 3 potions of flight
 w - 5 potions of attraction
 E - 3 potions of lignification
 G - 2 potions of mutation
 R - a potion of might


   Skills:
 + Level 12.1 Fighting
 + Level 12.1 Maces & Flails
 + Level 11.1 Armour
 + Level 11.0 Dodging


You had 13 spell levels left.
You didn't know any spells.
Your spell library contained the following spells:

 Spells                   Type           Power      Damage    Failure   Level
 Petrify                  Tmut/Erth      0%         N/A       99%         4
 Metabolic Englaciation   Hex/Ice        0%         N/A       100%        5
 Statue Form              Tmut/Erth      0%         N/A       100%        6


Dungeon Overview and Level Annotations

Branches:
Dungeon (9/15)             Temple (0/1) D:5            Lair (4/5) D:9
 Shoals (0/4) Lair:3       Spider (0/4) Lair:3        Slime (0/5) Lair:4
    Orc (2/2) D:9             Elf (1/3) Orc:2       Ossuary (visited)
 Bailey (visited)

Altars:
Dithmenos
Fedhas
Gozag
Hepliaklqana
Nemelex Xobeh
Okawaru
Trog
Wu Jian
Xom
Zin

Shops:
D:4 (   D:6 *   D:7 [   Orc:2 [*=(   Elf:1 !

Portals:
Abyss: D:4

Annotations:
D:4 2 transporters, laqueoix's ghost, amateur MfSu
D:6 3 runed translucent doors, Woods's ghost, novice OpCj
Lair:4 exclusion: 2 oklob plants


Innate Abilities, Weirdness & Mutations

You have razor-sharp teeth.
Your natural rate of healing is unusually fast.
When hurt, damage is shared between your health and your magic reserves.
Your bite disrupts and absorbs the magic of your enemies.
Potions cannot restore your health.


Message History

A spriggan berserker comes into view. It is wielding a +0 hand axe.
Found a leather armour.
The spriggan berserker shouts!
The spriggan berserker barely misses you.
You see here a wand of iceblast (5).
You hit the spriggan berserker. You burn the spriggan berserker.
You bite the spriggan berserker. You drain its power.
The spriggan berserker is lightly wounded.
The spriggan berserker mumbles some strange prayers to Trog.
The spriggan berserker goes berserk!
The spriggan berserker invokes Trog's protection!
The spriggan berserker closely misses you.
The spriggan berserker attacks as you move away!
The spriggan berserker barely misses you.
The spriggan berserker closely misses you.
The spriggan berserker mumbles some strange prayers to Trog.
The spriggan berserker goes berserk!
The spriggan berserker attacks as you move away!
The spriggan berserker hits you with a +2 antimagic rapier!!!
You feel your power leaking away.
The spriggan berserker mumbles some strange prayers to Trog.
The spriggan berserker goes berserk!
The spriggan berserker closely misses you.
The spriggan berserker rages.
The spriggan berserker attacks as you move away!
The spriggan berserker misses you. x3
The spriggan berserker attacks as you move away!
The spriggan berserker completely misses you. x2
The spriggan berserker closely misses you.
The spriggan berserker attacks as you move away!
The spriggan berserker hits you with a +0 hand axe!!
The spriggan berserker rages.
The spriggan berserker completely misses you.
The spriggan berserker completely misses you.
You bludgeon the spriggan berserker!! You burn the spriggan berserker.
The spriggan berserker is heavily wounded.
The spriggan berserker hits you with a +2 antimagic rapier!
* * * LOW HITPOINT WARNING * * *
The spriggan berserker hits you with a +2 antimagic rapier!!!
You die...

##.....##........# ######.###
..........######### #........#
##.....##.........###.######.#
#)....##..######.....#..[♣#.#
####.####..#♣...#.....#...♣#.#
.....# #..##...##...##...##.#
.########..§#...♣##.## ...##.#
...........####.#######...○#.#
#########...#...@ii.../...##.#
########....'..###i...#.._##.#
............#.............##.#
#########..####.#######...○#.#
#..§#...♣##.## ...##.# #..##.
.##...##...##.# #..#♣
.#..#..#...♣#.#
##.######.###)#...♣#.#
#........# #.######.#


You could see 3 spriggan berserkers.

Vanquished Creatures
  Gastronok (D:8)
  Frances (Elf:1)
  Kirke (Elf:1)
  A deep elf high priest (Elf:1)
  Erica (Lair:1)
  The ghost of monsoonserge the Skirmisher, a journeyman SpHu of Okawaru (Lair:3)
  2 hydras
  4 ogre magi (Orc:2)
  2 dancing weapons (Elf:1)
  11 two-headed ogres
  3 death yaks (Lair:2)
  2 skysharks
  A deep elf knight (Elf:1)
  3 deep elf archers (Elf:1)
  2 orc knights (Orc:1)
  6 deep elf pyromancers (Elf:1)
  6 deep elf zephyrmancers (Elf:1)
  An orc sorcerer (Orc:2)
  A cyclops (Orc:2)
  4 black mambas
  4 cane toads
  7 elephants
  2 rime drakes
  2 komodo dragons
  3 polar bears (Lair:2)
  7 blink frogs (Lair:1)
  6 hornets
  Grinder (D:4)
  6 dream sheep (Lair:3)
  7 wyverns
  2 jumping spiders (Lair:3)
  A water elemental (Elf:1)
  Eustachio (D:4)
  27 yaks
  2 basilisks
  A fire elemental (Elf:1)
  A hog (Elf:1)
  2 steam dragons
  3 wargs
  An acid dragon (D:9)
  Edmund (D:6)
  8 water moccasins
  An ice beast (D:7)
  A sky beast (D:6)
  3 black bears
  25 ogres
  7 orc warriors
  8 wolves
  2 centaurs
  2 phantoms
  Blork the orc (D:5)
  A kobold brigand (D:8)
  8 gnoll sergeants (Bailey)
  3 scorpions
  13 bullfrogs
  An earth elemental (Elf:1)
  9 wights
  4 killer bees (D:9)
  3 howler monkeys
  6 hounds
  3 jellies
  8 orc priests
  7 gnoll boudas
  2 iguanas
  A sleepcap (D:5)
  15 orc wizards
  4 mummies
  18 gnolls
  7 adders
  A shadow imp (D:8)
  4 white imps
  3 adder zombies (Ossuary)
  A worm (D:3)
  2 dart slugs
  44 orcs
  5 bats
  8 endoplasms
  3 giant cockroaches
  A gnoll zombie (Ossuary)
  7 goblins
  7 hobgoblins
  6 jackals
  9 kobolds
  8 quokkas
  6 ball pythons
  3 frilled lizards
  6 goblin zombies (Ossuary)
  3 hobgoblin zombies (Ossuary)
  4 kobold zombies
  An orc zombie (D:5)
  2 quokka zombies (Ossuary)
  9 rats
455 creatures vanquished.

Vanquished Creatures (collateral kills)
  2 gnoll sergeants (Bailey)
  A gnoll bouda (Bailey)
3 creatures vanquished.

Vanquished Creatures (others)
  An angel (D:6)
  3 humans (Elf:1)
  An air elemental (Elf:1)
  2 orcs (Orc:1)
  A kobold (D:8)
  4 spectral weapons
12 creatures vanquished.

Grand Total: 470 creatures vanquished

Notes
Turn   | Place    | Note
-------+----------+-------------------------------------------
     0 | D:1      | Stomo the Vine Stalker Berserker began the quest for the
                  | Orb.
     0 | D:1      | Reached XP level 1. HP: 11/11 MP: 2/2
   152 | D:1      | Reached XP level 2. HP: 15/16 MP: 3/3
   431 | D:1      | Reached XP level 3. HP: 20/20 MP: 2/4
   533 | D:1      | Reached ** piety under Trog
  1355 | D:3      | Gained mutation: Your natural rate of healing is unusually
                  | fast. [Vine Stalker growth]
  1355 | D:3      | Reached XP level 4. HP: 14/24 MP: 2/5
  1814 | D:2      | Identified a scroll of acquirement
  1814 | D:2      | Acquired the amulet "Cifer" {Acrobat Rampage Str+3 Dex+2}
  1963 | D:3      | Reached *** piety under Trog
  1964 | D:3      | Reached XP level 5. HP: 23/28 MP: 4/6
  2286 | D:4      | Found a transporter.
  2307 | D:4      | Noticed a small abomination
  2322 | D:4      | Noticed Grinder
  2332 | D:4      | Killed Grinder
  2333 | D:4      | Reached XP level 6. HP: 33/33 MP: 3/7
  2391 | D:4      | Found Yfaujoc's Firing Range.
  2425 | D:4      | Reached XP level 7. HP: 37/37 MP: 6/8
  2484 | D:4      | Noticed Eustachio
  2533 | D:4      | Killed Eustachio
  2851 | D:4      | Identified the +0 ring mail of Springtime {rN+ Dex+3}
  2911 | D:4      | Found an ornate altar of the Wu Jian Council.
  2950 | D:4      | Found a one-way gate to the infinite horrors of the Abyss.
  2950 | D:4      | Noticed laqueoix's ghost (amateur MfSu)
  2987 | D:4      | Found a transporter.
  3272 | D:5      | Entered Level 5 of the Dungeon
  3301 | D:5      | Found a sand-covered staircase.
  3308 | Ossuary  | Entered an ossuary
  3425 | Ossuary  | Reached **** piety under Trog
  3547 | D:5      | Gained mutation: You have razor-sharp teeth. [Vine Stalker
                  | growth]
  3547 | D:5      | Reached XP level 8. HP: 35/42 MP: 9/9
  3590 | D:5      | Noticed Blork the orc
  3595 | D:5      | Killed Blork the orc
  3697 | D:5      | Reached skill level 5 in Fighting
  3697 | D:5      | Reached skill level 5 in Maces & Flails
  3799 | D:5      | Found a staircase to the Ecumenical Temple.
  4127 | D:6      | Found a shimmering altar of Xom.
  4131 | D:6      | Noticed an angel
  4163 | D:6      | Killed an angel
  4179 | D:6      | Found Vaaletz's Lightly-Used Armoury.
  4202 | D:6      | Found a runed translucent gate.
  4206 | D:6      | Found a runed translucent gate.
  4206 | D:6      | Found an opulent altar of Gozag.
  4210 | D:6      | Found a runed translucent gate.
  4408 | D:6      | Found a faded altar of an unknown god.
  4408 | D:6      | Found a sparkling altar of Nemelex Xobeh.
  4416 | D:6      | Found a faded altar of an unknown god.
  4421 | D:6      | Found a shadowy altar of Dithmenos.
  4423 | D:6      | Found an opulent altar of Gozag.
  4497 | D:6      | Reached XP level 9. HP: 48/48 MP: 10/10
  4510 | D:6      | Noticed a troll
  4511 | D:6      | Noticed Woods's ghost (novice OpCj)
  4533 | D:6      | Noticed Edmund
  4543 | D:6      | Killed Edmund
  4544 | D:6      | Reached skill level 5 in Armour
  4544 | D:6      | Reached skill level 5 in Dodging
  4670 | D:6      | Found a glowing silver altar of Zin.
  4788 | D:6      | Found a blossoming altar of Fedhas.
  4799 | D:6      | Found an iron altar of Okawaru.
  5325 | D:7      | Found a hazy altar of Hepliaklqana.
  5608 | D:7      | Found Nalon's Antique Armour Emporium.
  5916 | D:7      | Reached ***** piety under Trog
  5922 | D:7      | Reached XP level 10. HP: 49/53 MP: 11/11
  6002 | D:8      | Noticed Gastronok
  6014 | D:8      | Killed Gastronok
  6100 | D:8      | Found a flagged portal.
  6109 | D:8      | Identified the +6 halberd of Peace {venom, rElec rC- Str+4
                  | Dex+2}
  6112 | Bailey   | Entered a bailey
  6355 | Bailey   | HP: 1/55 [gnoll/+0 halberd (9)]
  7004 | D:9      | Found a staircase to the Orcish Mines.
  7068 | D:9      | Reached XP level 11. HP: 47/60 MP: 12/12
  7216 | D:9      | Found a bloodstained altar of Trog.
  7240 | D:9      | Received a gift from Trog
  7538 | D:9      | Found a staircase to the Lair.
  7584 | Lair:1   | Entered Level 1 of the Lair of Beasts
  8193 | Lair:1   | Noticed Erica
  8200 | Lair:1   | Killed Erica
  8201 | Lair:1   | Reached XP level 12. HP: 46/66 MP: 9/13
  8771 | Lair:2   | HP: 3/67 [poisoned by a black mamba]
  8945 | Lair:2   | Noticed a death yak
  8948 | Lair:2   | Noticed a death yak
  8948 | Lair:2   | Noticed a death yak
  8974 | Lair:2   | Killed a death yak
  8983 | Lair:2   | Killed a death yak
  8988 | Lair:2   | Killed a death yak
  9324 | Lair:2   | Reached skill level 10 in Maces & Flails
  9484 | Lair:3   | Reached skill level 10 in Fighting
  9496 | Lair:3   | Found a staircase to the Shoals.
  9667 | Lair:3   | Found a hole to the Spider Nest.
  9717 | Lair:3   | Noticed an eight-headed hydra
  9735 | Lair:3   | Killed an eight-headed hydra
  9985 | Lair:3   | Found a runed translucent door.
  9990 | Lair:3   | Noticed a skyshark
  9992 | Lair:3   | Noticed monsoonserge's ghost (journeyman SpHu)
 10005 | Lair:3   | Killed a skyshark
 10006 | Lair:3   | Reached XP level 13. HP: 40/72 MP: 7/14
 10468 | Lair:3   | Killed monsoonserge's ghost
 10901 | Lair:4   | Found a staircase to the Slime Pits.
 10944 | Lair:4   | Acquired the +0 cloak "Qazoseah" {rElec}
 11183 | Lair:4   | Noticed an ice dragon
 11415 | Orc:1    | Entered Level 1 of the Orcish Mines
 11821 | Orc:2    | Entered Level 2 of the Orcish Mines
 11833 | Orc:2    | Reached skill level 10 in Armour
 11911 | Orc:2    | Found Beiliod's Armour Boutique.
 11911 | Orc:2    | Found Ophimm's Jewellery Emporium.
 11938 | Orc:2    | Reached skill level 10 in Dodging
 11955 | Orc:2    | Received a gift from Trog
 12232 | Orc:2    | Reached ****** piety under Trog
 12327 | Orc:2    | Found a staircase to the Elven Halls.
 12388 | Orc:2    | Reached XP level 14. HP: 62/79 MP: 10/15
 12440 | Orc:2    | Found Ugiwnose's General Store.
 12440 | Orc:2    | Found Soataj's Weapon Shop.
 12759 | Elf:1    | Entered Level 1 of the Elven Halls
 12769 | Elf:1    | Noticed Kirke
 12787 | Elf:1    | Killed Kirke
 12788 | Elf:1    | Noticed Frances
 12822 | Elf:1    | Killed Frances
 12923 | Elf:1    | Found Nueny's Distillery.
 13396 | Elf:1    | Paralysed by an air elemental for 1 turns
 13400 | Elf:1    | HP: 3/79 [fire elemental[a deep elf pyromancer] (6)]
 13784 | Elf:1    | Found a bloodstained altar of Trog.
 13795 | Elf:1    | Annihilated by a spriggan berserker

Illustrated notes

Levels and vault maps discovered:
D:1:      amcnicky_arrival_gap_in_the_tavern_cellar, layout_loops_ring
D:2:      layout_loops_corners
D:3:      layout_rooms
D:4:      layout_basic, kennysheep_little_box, gammafunk_ghost_abyssal_escape,
          nicolae_shop_firing_range, uniq_eustachio, uniq_grinder
D:5:      layout_basic, minmay_temple_entry_proselytizer,
          nicolae_ossuary_entry_giza, uniq_blork_the_orc
D:6:      layout_basic, grunt_temple_overflow_order_and_chaos_1,
          chequers_temple_overflow_minitemple, mainiacjoe_overflow_alcove_4,
          mainiacjoe_overflow_surrounded_room, ebering_ghost_gozag,
          minmay_shop_damaged, grunt_ministairs_4, uniq_edmund
D:7:      layout_cave_pods, lemuel_crystal_altar, serial_shops,
          nicolae_shop_trees, kennysheep_boxes
D:8:      layout_cave_pools, enter_bailey_2, uniq_gastronok
D:9:      layout_loops_ring, mainiacjoe_overflow_catwalk, david_lair_shrubbed,
          orc_0_dummy, chequers_serial_rivers_large_a
Lair:1:   layout_gridlike, serial_rivers, chequers_serial_rivers_micro_c,
          chequers_serial_rivers_large_b, chequers_serial_rivers_room_b,
          chequers_serial_rivers_micro_a, chequers_serial_rivers_micro_c,
          grunt_megastairs_4, uniq_erica
Lair:2:   layout_regular_city, cheibrodos_lair_lostbears
Lair:3:   layout_chaotic_city, elwin_shoals_entry_rocks, spider_nest_entry_a,
          gammafunk_ghost_grave, dreamdust_wasp_nest
Lair:4:   hellmonk_ruined_rings, layout_cave_pods,
          minmay_slime_entry_oklob_open, bobbens_ice_dragon_lair,
          lemuel_fruit_tree, uniq_sonja
Orc:1:    layout_caves
Orc:2:    st_orc_ogre_mass, layout_diamond_mine
Elf:1:    layout_loops_ring, serial_shops, shop, kennysheep_underground_church,
          evilmike_spriggan_trog_shrine, uniq_frances, uniq_kirke

Skill      XL: |  1  2  3  4  5  6  7  8  9 10 11 12 13 14 |
---------------+-------------------------------------------+-----
Armour         | 2 3 4 5 7 8 9 10 11 | 11.1
Fighting       | 3 4 5 6 8 9 10 11 12 | 12.1
Dodging        | 2 3 4 5 7 8 9 10 11 | 11.0
Maces & Flails | 3 4 5 6 8 9 10 11 12 | 12.1

Action                     |  1- 3 |  4- 6 |  7- 9 | 10-12 | 13-15 || total
---------------------------+-------+-------+-------+-------+-------++-------
  Melee: Mace              |    98 |    72 |   285 |   520 |   216 ||  1191
         Bite              |     9 |    15 |    88 |   218 |   153 ||   483
         Punch             |     1 |       |    10 |     8 |     4 ||    23
         Dire flail        |       |       |     2 |       |       ||     2
         Great mace        |       |       |       |       |   179 ||   179
 Invoke: Berserk           |     1 |     1 |     1 |     3 |     2 ||     8
         Trog's Hand       |     1 |       |       |     3 |     1 ||     5
         Brothers in Arms  |       |       |       |     1 |       ||     1
    Use: Scroll            |       |    12 |    13 |     3 |     6 ||    34
         Potion            |       |       |       |     1 |       ||     1
   Stab: Distracted        |       |       |     4 |     6 |     2 ||    12
         Sleeping          |       |       |       |     5 |       ||     5
 Armour: Animal skin       |     2 |       |       |       |       ||     2
         Scale mail        |    43 |    38 |    39 |       |       ||   120
         Ring mail         |       |       |    63 |   117 |    73 ||   253
  Dodge: Dodged            |    75 |    63 |   183 |   489 |   368 ||  1178
